 Dungeon Crawl Stone Soup version 0.27-a0-1545-g3eddc1d3d3 (webtiles) character file.

Game seed: 4986160688473226889

409 Kinoniko the Chopper (level 7, -2/52 HPs)
             Began as a Formicid Fighter on July 13, 2021.
             Killed by nerve-wracking pain
             ... invoked by Grinder
              (3 damage)
             ... on level 4 of the Dungeon.
             The game lasted 00:03:35 (4057 turns).

Kinoniko the Chopper (Formicid Fighter)             Turns: 4057, Time: 00:03:36

Health: -2/52      AC:  0    Str: 20 (23) XL:     7   Next: 13%
Magic:  7/7        EV: 17    Int:  5 (7)  God:
Gold:   103        SH:  0    Dex: 13 (15) Spells: 6/6 levels left

rFire    . . .     SeeInvis .   (weapon currently unavailable)
rCold    . . .     Faith    .   (shield currently unavailable)
rNeg     . . .     Spirit   .   (armour currently unavailable)
rPois    .         Reflect  .   (helmet unavailable)
rElec    .         Harm     .   (cloak currently unavailable)
rCorr    .         Rampage  .   (gloves currently unavailable)
Will     .....                  (boots currently unavailable)
Stlth    +.........             (no amulet)
HPRegen  0.17/turn              (ring currently unavailable)
MPRegen  0.10/turn              (ring currently unavailable)

@: brilliant, bat-form, flying, very quick
A: fast, flying, no casting, permanent stasis, dig shafts and tunnels, tiny,
(antennae 3), four strong arms
a: no special abilities


You were on level 4 of the Dungeon.
You were a bat.
You visited 1 branch of the dungeon, and saw 4 of its levels.

You collected 103 gold pieces.

Inventory:

Hand Weapons
 a - a +0 war axe (melded)
Armour
 b - a +0 scale mail (melded)
 c - a +0 kite shield (melded)
 i - a +0 hat
Jewellery
 m - a ring of poison resistance (melded)
Wands
 l - a wand of flame (9)
Scrolls
 h - a scroll of amnesia
 k - a scroll of teleportation
Potions
 j - a potion of degeneration


   Skills:
 - Level 3.2 Fighting
 * Level 6.0 Axes
 - Level 3.2 Armour
 + Level 5.9 Shields


You had 6 spell levels left.
You didn't know any spells.
Your spell library contained the following spells:

 Spells                   Type           Power      Damage    Failure   Level
 Stone Arrow              Conj/Erth      0%         3d7       85%         3
 Summon Ice Beast         Ice/Summ       0%         N/A       99%         4
 Bolt of Magma            Conj/Fire/Erth 0%         4d4       100%        5
 Summon Mana Viper        Hex/Summ       0%         N/A       100%        5
 Monstrous Menagerie      Summ           0%         N/A       100%        7
 Shatter                  Erth           0%         3d5*      100%        9


Dungeon Overview and Level Annotations

Branches:
Dungeon (4/15)
 Temple: D:4-7

Altars:
Fedhas
Gozag
Hepliaklqana
Trog

Shops:
D:2 *

Annotations:
D:4 Grinder


Innate Abilities, Weirdness & Mutations

You are a bat.
You are tiny and dextrous.
You move quickly.
You are flying.
Your equipment is almost entirely melded.
You are incapable of wielding weapons or throwing items.
You cannot cast spells.
You cannot be hasted, slowed, berserked, paralysed or teleported.
You can dig through walls and to a lower floor.
((You have a pair of large antennae on your head. (SInv)))
Your four strong arms can wield two-handed weapons with a shield.


Message History

Grinder is severely wounded.
Grinder hits you.
* * * LOW HITPOINT WARNING * * *
Aiming: Throw Flame
Press: ? - help, Shift-Dir - straight line, f/p - Grinder
Aim: Grinder (severely wounded, 64% to hit)
The puff of flame hits Grinder.
Grinder is severely wounded.
Grinder gestures at you.
Your stasis prevents you from being paralysed.
Aiming: Throw Flame
Press: ? - help, Shift-Dir - straight line, f/p - Grinder
Aim: Grinder (severely wounded, 64% to hit)
The puff of flame hits Grinder.
Grinder is severely wounded.
Grinder hits you!
* * * LOW HITPOINT WARNING * * *
Aiming: Throw Flame
Press: ? - help, Shift-Dir - straight line, f/p - Grinder
Aim: Grinder (severely wounded, 64% to hit)
The puff of flame hits Grinder.
Grinder is almost dead.
Grinder hits you.
* * * LOW HITPOINT WARNING * * *
You writhe in agony.
* * * LOW HITPOINT WARNING * * *
Aiming: Throw Flame
Press: ? - help, Shift-Dir - straight line, f/p - Grinder
Aim: Grinder (almost dead, 64% to hit)
The puff of flame hits Grinder.
Grinder is almost dead.
Grinder completely misses you.
You feel less attractive to monsters.
Unknown command.
Aiming: Throw Flame
Press: ? - help, Shift-Dir - straight line, f/p - Grinder
Aim: Grinder (almost dead, 64% to hit)
The puff of flame misses Grinder.
Grinder gestures at you. Pain shoots through your body!
You die...

*,,,,,,* **,,,,,,,,,,* *
*,,,,,,* #.......#*** #
*,,,,,,****#.......# #
*,,,,,>+,,,+.......# #
*,,,,,,****#.......# #
**,,,,,,** #.......######### #
*,,,,,,,,* #.......+.......###
*,,,,,...####.5.....#######....
*,,,,,........b.#***#.....#....
*,,,,,....####..# #.###.#....
**,,,,.**,#.....# ###...#.#....
*,******,#.#..>###.......#....
*,* *,#.#.#.........)##.... *,*
*,#.#.#.........)''.... *,*
*.......#.......)##....
*,*####*...#####........##....
*,##...##.##...##.#+######....


You could see Grinder.

Vanquished Creatures
  Menkaure (D:4)
  A centaur zombie (D:4)
  An orc priest (D:4)
  2 orc wizards (D:4)
  3 gnolls (D:2)
  5 adders
  2 worms (D:3)
  2 dart slugs (D:4)
  2 orcs
  2 ball pythons
  5 endoplasms
  3 giant cockroaches
  10 goblins
  10 hobgoblins
  10 jackals
  5 quokkas
  5 bats
  4 frilled lizards
  8 kobolds
  7 rats
88 creatures vanquished.

Notes
Turn   | Place    | Note
-------+----------+-------------------------------------------
     0 | D:1      | Kinoniko the Formicid Fighter began the quest for the Orb.
     0 | D:1      | Reached XP level 1. HP: 18/18 MP: 1/1
   177 | D:1      | Reached XP level 2. HP: 19/24 MP: 2/2
   501 | D:1      | Reached XP level 3. HP: 19/29 MP: 3/3
   506 | D:1      | Reached skill level 3 in Axes
  1161 | D:2      | Found Qenuith's Assorted Antiques.
  1461 | D:2      | Reached XP level 4. HP: 35/35 MP: 4/4
  1825 | D:3      | Reached skill level 4 in Axes
  2055 | D:3      | Reached XP level 5. HP: 33/41 MP: 5/5
  2948 | D:3      | Reached skill level 5 in Shields
  3098 | D:4      | Noticed Menkaure
  3100 | D:4      | HP: 2/41 [Menkaure (20)]
  3103 | D:4      | Killed Menkaure
  3104 | D:4      | Reached skill level 5 in Axes
  3104 | D:4      | Reached XP level 6. HP: 3/47 MP: 6/6
  3505 | D:4      | Found a blossoming altar of Fedhas.
  3508 | D:4      | Found an opulent altar of Gozag.
  3511 | D:4      | Found a hazy altar of Hepliaklqana.
  3514 | D:4      | Found a bloodstained altar of Trog.
  3766 | D:4      | Reached XP level 7. HP: 31/52 MP: 7/7
  4032 | D:4      | Noticed Grinder
  4041 | D:4      | Reached skill level 6 in Axes
  4055 | D:4      | HP: 1/52 [Grinder (2)]
  4057 | D:4      | Killed from afar by Grinder

Illustrated notes

Levels and vault maps discovered:
D:1:      dpeg_arrival_pits, layout_basic
D:2:      layout_rooms, serial_shops, shop, hangedman_abyss_or_decor_stabs
D:3:      minmay_octagon_keep, layout_basic, grunt_ministairs_6
D:4:      layout_basic, grunt_temple_overflow_cloverleaf, uniq_grinder,
          uniq_menkaure

Skill      XL: |  1  2  3  4  5  6  7 |
---------------+----------------------+-----
Shields        | 4 5 |  5.9
Axes           | 3 4 5 6 |  6.0
Fighting       | |  3.2
Armour         | |  3.2

Action                   |  1- 3 |  4- 6 |  7- 9 || total
-------------------------+-------+-------+-------++-------
Melee: War axe           |   118 |   147 |    28 ||   293
Evoke: Wand              |       |       |     9 ||     9
  Use: Potion            |       |     2 |     4 ||     6
       Scroll            |       |     3 |       ||     3
Armor: Scale mail        |    56 |    60 |     5 ||   121
Dodge: Dodged            |    43 |    54 |     9 ||   106
Block: Kite shield       |    80 |   101 |    12 ||   193

Table legend: (Time is in decaauts)
 A = Elapsed time spent in this place.
 B = Non-inter-level travel time spent in this place.
 C = Inter-level travel time spent in this place.
 D = Time resting spent in this place.
 E = Time spent auto-exploring this place.
 F = Levels seen in this place.
 G = Mean time per level.
                   A        B        C        D        E       F      G
               +--------+--------+--------+--------+--------+-----+--------+
         Total |   4188 |   4123 |     65 |    611 |   2821 |   4 | 1047.0 |
       Dungeon |   4188 |   4123 |     65 |    611 |   2821 |   4 | 1047.0 |
               +--------+--------+--------+--------+--------+-----+--------+

Top non-repeatable levels by time:
     D:3: 1356 daAuts
     D:1: 1192 daAuts
     D:4: 996 daAuts
     D:2: 642 daAuts
